 Dungeon Crawl Stone Soup version 0.24-a0-179-g7a2c91a (webtiles) character file.

Game seed: 12762097244382037929

63 Hylith the Shield-Bearer (level 4, -12/41 HPs)
             Began as a Gnoll Fighter on Mar 13, 2019.
             Mangled by an orc warrior
             ... wielding a cursed -2 battleaxe
              (17 damage)
             ... on level 2 of the Dungeon.
             The game lasted 00:02:42 (1304 turns).

Hylith the Shield-Bearer (Gnoll Fighter)            Turns: 1304, Time: 00:02:43

Health: -12/41     AC:  9    Str: 25    XL:     4   Next: 9%
Magic:  5/5        EV:  9    Int: 11    God:
Gold:   54         SH: 11    Dex: 14    Spells: 5/5 levels left

rFire    . . .     SeeInvis .   a - +0 flail
rCold    . . .     Gourm    .   c - +0 shield
rNeg     . . .     Faith    .   b - +0 scale mail
rPois    .         Spirit   .   (no helmet)
rElec    .         Reflect  .   (no cloak)
rCorr    .         Harm     .   o - +0 pair of gloves
MR       .....                  (no boots)
Stlth    ..........             (no amulet)
HPRegen  0.13/turn              i - +3 ring of strength
MPRegen  0.09/turn              l - +3 ring of strength

@: no status effects
A: distributed training, fangs 1, strong nose
a: no special abilities


You were on level 2 of the Dungeon.
You were not hungry.

You visited 1 branch of the dungeon, and saw 3 of its levels.

You collected 54 gold pieces.

Inventory:

Hand Weapons
 a - a +0 flail (weapon)
Armour
 b - a +0 scale mail (worn)
 c - a +0 shield (worn)
 o - a +0 pair of gloves (worn)
Jewellery
 i - a +3 ring of strength (left hand)
 k - an uncursed ring of protection from cold
 l - a +3 ring of strength (right hand)
Scrolls
 e - 2 scrolls of identify {unknown}
 h - 3 scrolls of remove curse {unknown}
 m - a scroll of teleportation {unknown}
 n - a scroll of fog {unknown}
Potions
 d - 4 potions of might
 g - 2 potions of agility {unknown}
Comestibles
 f - 7 rations
 j - 4 chunks of flesh


   Skills:
 + Level 6.5 Fighting
 + Level 1.0 Short Blades
 + Level 1.0 Long Blades
 + Level 1.0 Axes
 + Level 4.6 Maces & Flails
 + Level 1.0 Polearms
 + Level 1.0 Staves
 + Level 1.0 Slings
 + Level 1.0 Bows
 + Level 1.0 Crossbows
 + Level 1.0 Throwing
 + Level 6.5 Armour
 + Level 1.0 Dodging
 + Level 1.0 Stealth
 + Level 6.5 Shields
 + Level 1.0 Unarmed Combat
 + Level 1.0 Spellcasting
 + Level 0.7 Conjurations
 + Level 0.7 Hexes
 + Level 0.7 Charms
 + Level 0.7 Summonings
 + Level 0.7 Necromancy
 + Level 0.7 Translocations
 + Level 0.7 Transmutations
 + Level 0.7 Fire Magic
 + Level 0.7 Ice Magic
 + Level 0.7 Air Magic
 + Level 0.7 Earth Magic
 + Level 0.7 Poison Magic
 + Level 1.1 Invocations
 + Level 1.0 Evocations


You had 5 spell levels left.
You didn't know any spells.
Your spell library was empty.

Dungeon Overview and Level Annotations

Branches:
Dungeon (3/15)

Altars:
The Shining One


Innate Abilities, Weirdness & Mutations

Your experience applies equally to all skills.
You have very sharp teeth.
Your uncanny sense of smell can sniff out nearby items.


Message History

You closely miss the orc warrior.
The orc warrior is severely wounded.
The orc warrior hits you but does no damage.
An orc wizard comes into view. It is wielding a +0 dagger.
A kobold comes into view.
The kobold shouts!
An orc comes into view. It is wielding a +0 dagger.
The kobold moves out of view.
There is a stone staircase leading up here.
The orc warrior hits you with a cursed -2 battleaxe!
* * * LOW HITPOINT WARNING * * *
You climb upwards.
There is a stone staircase leading down here.
You hit the orc warrior. You bite the orc warrior.
The orc warrior is almost dead.
You block the orc warrior's attack.
You completely miss the orc warrior.
The orc warrior is almost dead.
The orc warrior hits you with a cursed -2 battleaxe!
You die...

##............###...#########..#.
###...#...##### #................
..........# ##..#########..##
####.##...# #..# ##.##
#......########..# #.##
####..........#..# #.##
#.÷.÷.........# #.#
##...######.#### #.# #.....# #@#
#.## #.....# #o# #.## #.....# #.#
#... ##...## #.# #### ##..# #.# #
####..# #.# # #.....# #.# #
#.##.## #)# # #.##.#######.# #


You could see an orc warrior.

Vanquished Creatures
  2 adders (D:2)
  A dart slug (D:1)
  A leopard gecko (D:1)
  3 ball pythons
  A giant cockroach (D:1)
  6 goblins
  6 hobgoblins
  2 quokkas (D:2)
  3 bats
  3 frilled lizards (D:2)
  8 kobolds
  4 rats
40 creatures vanquished.

Notes
Turn   | Place    | Note
-------+----------+-------------------------------------------
     0 | D:1      | Hylith the Gnoll Fighter began the quest for the Orb.
     0 | D:1      | Reached XP level 1. HP: 23/23 MP: 1/1
   124 | D:1      | Reached XP level 2. HP: 29/29 MP: 2/2
   645 | D:2      | Reached XP level 3. HP: 30/35 MP: 3/3
   776 | D:2      | Reached skill level 1 in Invocations
  1031 | D:2      | Reached skill level 1 in Short Blades
  1031 | D:2      | Reached skill level 1 in Long Blades
  1031 | D:2      | Reached skill level 1 in Axes
  1031 | D:2      | Reached skill level 1 in Polearms
  1031 | D:2      | Reached skill level 1 in Staves
  1031 | D:2      | Reached skill level 1 in Slings
  1031 | D:2      | Reached skill level 1 in Bows
  1031 | D:2      | Reached skill level 1 in Crossbows
  1031 | D:2      | Reached skill level 1 in Throwing
  1031 | D:2      | Reached skill level 1 in Dodging
  1031 | D:2      | Reached skill level 1 in Stealth
  1031 | D:2      | Reached skill level 1 in Unarmed Combat
  1031 | D:2      | Reached skill level 1 in Spellcasting
  1031 | D:2      | Reached skill level 1 in Evocations
  1066 | D:2      | Reached XP level 4. HP: 41/41 MP: 5/5
  1243 | D:2      | Found a glowing golden altar of the Shining One.
  1278 | D:3      | Noticed an orc warrior
  1304 | D:2      | Mangled by an orc warrior

Levels and vault maps discovered:
D:1:      lightli_arrival_farm, layout_basic
D:2:      layout_loops_ring, tso_oasis_becter
D:3:      layout_basic

Skill      XL: |  1  2  3 |
---------------+----------+-----
Invocations    | 1 |  1.1
Short Blades   | 1 |  1.0
Long Blades    | 1 |  1.0
Axes           | 1 |  1.0
Polearms       | 1 |  1.0
Staves         | 1 |  1.0
Slings         | 1 |  1.0
Bows           | 1 |  1.0
Crossbows      | 1 |  1.0
Throwing       | 1 |  1.0
Dodging        | 1 |  1.0
Stealth        | 1 |  1.0
Unarmed Combat | 1 |  1.0
Spellcasting   | 1 |  1.0
Evocations     | 1 |  1.0
Fighting       | |  6.5
Maces & Flails | |  4.6
Armour         | |  6.5
Shields        | |  6.5
Conjurations   | |  0.7
Hexes          | |  0.7
Charms         | |  0.7
Summonings     | |  0.7
Necromancy     | |  0.7
Translocations | |  0.7
Transmutations | |  0.7
Fire Magic     | |  0.7
Ice Magic      | |  0.7
Air Magic      | |  0.7
Earth Magic    | |  0.7
Poison Magic   | |  0.7

Action                   |  1- 3 |  4- 6 || total
-------------------------+-------+-------++-------
Melee: Flail             |    89 |    23 ||   112
       Bite              |     8 |     4 ||    12
  Eat: Chunk             |     1 |       ||     1
Armor: Scale mail        |    37 |     1 ||    38
Dodge: Dodged            |    22 |     7 ||    29
Block: Shield            |    51 |     9 ||    60

Table legend:
 A = Non-vault XP
 B = Vault XP
 C = Vault XP percentage of total XP
 D = Non-vault monster count
 E = Vault monster count
 F = Vault count percentage of total count
                 A         B        C        D         E       F
            +---------+---------+-------+---------+---------+-------
      Total |      90 |       0 |   0.0 |      40 |       0 |   0.0
            +---------+---------+-------+---------+---------+-------
        D:1 |      30 |       0 |   0.0 |      16 |       0 |   0.0
        D:2 |      60 |       0 |   0.0 |      24 |       0 |   0.0
            +---------+---------+-------+---------+---------+-------
